[Event "January 9 Late 2024"]
[Site "https://www.chess.com"]
[Date "2024.01.09"]
[Round "4"]
[White "Deac, Bogdan-Daniel"]
[Black "Al-Tarboush, Ward"]
[Result "1-0"]
[Board "39"]
[TimeControl "180+1"]
[WhiteFideId "1226380"]
[BlackFideId "7601450"]
[WhiteElo "2996"]
[BlackElo "2620"]
[WhiteTeam "ROU"]
[BlackTeam "NOR"]
[WhiteClock "0:00:54"]
[BlackClock "0:00:00"]

1. b3 e5 2. Bb2 Nc6 3. e3 Nf6 4. Nf3 d6 5. c4 Bg4 6. h3 Bxf3 7. Qxf3 Be7 8. Nc3 O-O 9. d3 Qd7 10. a3 Rad8 11. Rc1 Rfe8 12. Be2 Bf8 13. O-O d5 14. cxd5 Nxd5 15. Ne4 f5 16. Nc5 Bxc5 17. Rxc5 b6 18. Rc2 Nb8 19. b4 c6 20. Rfc1 Qe6 21. Bf1 Rc8 22. g3 e4 23. dxe4 fxe4 24. Qg4 Qxg4 25. hxg4 h6 26. Bc4 Red8 27. Bb3 Kh7 28. Rc4 Nd7 29. Rxe4 N7f6 30. Rec4 c5 31. bxc5 bxc5 32. Rxc5 Rxc5 33. Rxc5 Rb8 34. Bc2+ Kh8 35. Bd4 Ne7 36. g5 hxg5 37. Rxg5 Rc8 38. Rc5 Rb8 39. Rc7 1-0

[Event "January 9 Late 2024"]
[Site "https://www.chess.com"]
[Date "2024.01.09"]
[Round "4"]
[White "Antipov, Mikhail Al."]
[Black "Poltorak, Sebastian"]
[Result "0-1"]
[Board "40"]
[TimeControl "180+1"]
[WhiteFideId "4107012"]
[BlackFideId "1199498"]
[WhiteElo "2982"]
[BlackElo "2618"]
[WhiteTeam "FID"]
[BlackTeam "POL"]
[WhiteClock "0:00:00"]
[BlackClock "0:00:04"]

1. e4 c6 2. d4 d5 3. exd5 cxd5 4. Bd3 Nc6 5. c3 Nf6 6. h3 Qc7 7. Nf3 g6 8. O-O Bf5 9. Be2 Bg7 10. Re1 O-O 11. Be3 Rad8 12. Nbd2 h6 13. Rc1 g5 14. b4 Ne4 15. b5 Nxd2 16. Nxd2 Na5 17. c4 Nxc4 18. Nxc4 dxc4 19. Bxc4 Qd6 20. Qf3 Qd7 21. d5 b6 22. Bb3 e6 23. Rcd1 e5 24. d6 e4 25. Qg3 Be6 26. h4 Bxb3 27. axb3 gxh4 28. Qxh4 Qe6 29. Bf4 Kh7 30. f3 f5 31. Bg3 Bf6 32. Qh3 Be5 33. fxe4 Bxg3 34. exf5 Qxe1+ 35. Rxe1 Bxe1 36. Qd3 Kg7 37. Qd4+ Kg8 38. Qd5+ Rf7 39. Qe6 Bc3 40. Qg6+ Bg7 41. g4 Rf6 42. Qh5 Rfxd6 43. Qh3 Rd1+ 0-1

[Event "January 9 Late 2024"]
[Site "https://www.chess.com"]
[Date "2024.01.09"]
[Round "4"]
[White "Bjelobrk, Igor"]
[Black "Fressinet, Laurent"]
[Result "0-1"]
[Board "41"]
[TimeControl "180+1"]
[WhiteFideId "4300726"]
[BlackFideId "608742"]
[WhiteElo "2618"]
[BlackElo "2967"]
[WhiteTeam "AUS"]
[BlackTeam "FRA"]
[WhiteClock "0:00:15"]
[BlackClock "0:01:39"]

1. d4 Nf6 2. c4 e5 3. dxe5 Ne4 4. Nd2 Nc5 5. Ngf3 Nc6 6. g3 d6 7. exd6 Bxd6 8. Bg2 h5 9. h4 Qe7 10. O-O Bg4 11. a3 O-O-O 12. b4 Be5 13. Rb1 Ne4 14. Nxe4 Rxd1 15. Rxd1 Bf5 16. Nxe5 Nxe5 17. Bf4 Ng6 18. Nc5 Nxf4 19. Bxb7+ Kb8 20. gxf4 Bxb1 21. Rxb1 Qxh4 22. e3 Qg4+ 23. Kf1 Rd8 24. Bd5 h4 25. b5 h3 26. Na6+ Kc8 27. a4 Rxd5 28. cxd5 h2 0-1

[Event "January 9 Late 2024"]
[Site "https://www.chess.com"]
[Date "2024.01.09"]
[Round "4"]
[White "Svane, Frederik"]
[Black "Korchynskyi, Mykola"]
[Result "1-0"]
[Board "42"]
[TimeControl "180+1"]
[WhiteFideId "12923044"]
[BlackFideId "34138005"]
[WhiteElo "2953"]
[BlackElo "2618"]
[WhiteTeam "GER"]
[BlackTeam "UKR"]
[WhiteClock "0:01:46"]
[BlackClock "0:00:33"]

1. e4 e6 2. d4 d5 3. Nc3 dxe4 4. Nxe4 Nd7 5. Nf3 Ngf6 6. Nxf6+ Nxf6 7. Be3 Be7 8. Bd3 O-O 9. Qe2 Qd5 10. c4 Qa5+ 11. Bd2 Bb4 12. a3 Bxd2+ 13. Qxd2 Qxd2+ 14. Kxd2 Rd8 15. Kc3 b6 16. Ne5 Bb7 17. f3 Nd7 18. Rad1 h6 19. Rhe1 Kf8 20. Ng4 c5 21. Bc2 cxd4+ 22. Rxd4 Ke7 23. Red1 Nc5 24. Ne5 f6 25. Ng6+ Ke8 26. b4 Na6 27. Ba4+ Kf7 28. Rxd8 Rxd8 29. Rxd8 Kxg6 30. Rd7 1-0

[Event "January 9 Late 2024"]
[Site "https://www.chess.com"]
[Date "2024.01.09"]
[Round "4"]
[White "Smirnov, Anton"]
[Black "Kraiouchkine, Nikita"]
[Result "1/2-1/2"]
[Board "43"]
[TimeControl "180+1"]
[WhiteFideId "3208923"]
[BlackFideId "2607140"]
[WhiteElo "2929"]
[BlackElo "2617"]
[WhiteTeam "AUS"]
[BlackTeam "CAN"]
[WhiteClock "0:01:08"]
[BlackClock "0:00:39"]

1. e4 e5 2. Nf3 Nc6 3. Bb5 f5 4. d3 fxe4 5. dxe4 Nf6 6. O-O Bc5 7. Qe2 Nd4 8. Nxd4 Bxd4 9. c3 Bb6 10. Bc4 d6 11. a4 a6 12. a5 Ba7 13. Kh1 Qe7 14. Bg5 Be6 15. Nd2 O-O 16. f4 exf4 17. Rxf4 h6 18. Bxf6 Rxf6 19. Rxf6 Qxf6 20. Rf1 Qe7 21. h3 Rf8 22. Rxf8+ Kxf8 23. Qf3+ Ke8 24. e5 Bxc4 25. Nxc4 Qh4 26. Qe2 d5 27. Nd2 Qf2 28. Qh5+ Ke7 29. Nf3 Qxb2 30. Qg6 Qc1+ 31. Kh2 Qf4+ 32. Kh1 Qc1+ 33. Kh2 Qf4+ 34. Kh1 Qc1+ 1/2-1/2

[Event "January 9 Late 2024"]
[Site "https://www.chess.com"]
[Date "2024.01.09"]
[Round "4"]
[White "Zhu, Jiner"]
[Black "Sargsyan, Shant"]
[Result "0-1"]
[Board "44"]
[TimeControl "180+1"]
[WhiteFideId "8608059"]
[BlackFideId "13306766"]
[WhiteElo "2613"]
[BlackElo "2921"]
[WhiteTeam "CHN"]
[BlackTeam "ARM"]
[WhiteClock "0:01:31"]
[BlackClock "0:02:00"]

1. e4 g6 2. d4 Nf6 3. Nc3 d5 4. e5 Ne4 5. Nxe4 dxe4 6. Be3 Bg7 7. Ne2 c5 8. Nc3 cxd4 9. Qxd4 Qxd4 10. Bxd4 O-O 11. Nxe4 Nc6 12. Bc3 Bf5 13. f3 Bxe4 14. fxe4 Bxe5 15. Bxe5 Nxe5 16. O-O-O Rfd8 17. Be2 Kg7 18. Rd5 Nc6 19. Rhd1 Rdc8 20. a3 Rc7 21. b3 Rac8 22. c4 e6 23. Rd7 Ne5 24. Rxc7 Rxc7 25. Kb2 Kf6 26. Kc3 Ke7 27. Rd4 b5 28. Rd2 bxc4 29. bxc4 Nd7 30. Rb2 Nc5 31. Bd3 Na4+ 32. Kb3 Nxb2 33. Kxb2 Kd6 34. Kc3 Kc5 35. e5 Rd7 36. Bc2 Rd4 0-1

[Event "January 9 Late 2024"]
[Site "https://www.chess.com"]
[Date "2024.01.09"]
[Round "4"]
[White "Estrada Nieto, Julian"]
[Black "Livaic, Leon"]
[Result "0-1"]
[Board "45"]
[TimeControl "180+1"]
[WhiteFideId "5101018"]
[BlackFideId "14531534"]
[WhiteElo "2609"]
[BlackElo "2890"]
[WhiteTeam "ESP"]
[BlackTeam "CRO"]
[WhiteClock "0:00:02"]
[BlackClock "0:00:03"]

1. e4 c5 2. Nf3 e6 3. c3 d5 4. exd5 exd5 5. d4 Nf6 6. Bb5+ Bd7 7. Bxd7+ Nbxd7 8. O-O Be7 9. dxc5 Nxc5 10. Re1 O-O 11. Be3 Nce4 12. Nbd2 Re8 13. Bd4 Qd7 14. Nf1 a5 15. a4 b5 16. Ne3 b4 17. Ne5 Qe6 18. cxb4 Bxb4 19. Re2 Bd6 20. Nf3 Ng4 21. Nxg4 Qxg4 22. Rc1 Qh5 23. Rec2 Ng5 24. h3 Ne4 25. Rc6 Bf4 26. R1c2 h6 27. Qd3 Ng5 28. Kf1 Ne4 29. Re2 Rac8 30. Rcc2 Rcd8 31. Kg1 Re6 32. Nh2 Rde8 33. Ng4 Qg6 34. f3 Ng3 35. Qxg6 Nxe2+ 36. Rxe2 fxg6 37. Rxe6 Rxe6 38. Kf1 Bg3 39. Nf2 h5 40. Nd3 Kf7 41. Bc3 Bc7 42. Nc5 Rc6 43. Nb7 d4 44. Bxd4 Rc4 45. Bc3 Rxa4 46. Nc5 Ra2 47. Nd3 a4 48. Nc5 a3 49. bxa3 Rxa3 50. Bd2 Ra2 51. Ne4 Be5 52. h4 Bd4 53. Bg5 Ke6 54. Bd2 Kd5 55. Bg5 Kc4 56. g3 Kd3 57. Bf4 Ra1+ 58. Kg2 Ra2+ 59. Kh3 Ke2 60. Ng5 Ra1 61. Kg2 Rg1+ 62. Kh3 Kf1 63. g4 Rh1+ 64. Kg3 Bf2# 0-1

[Event "January 9 Late 2024"]
[Site "https://www.chess.com"]
[Date "2024.01.09"]
[Round "4"]
[White "Pinheiro, Iung Alicio de O."]
[Black "Kuzubov, Yuriy"]
[Result "0-1"]
[Board "46"]
[TimeControl "180+1"]
[WhiteFideId "2104350"]
[BlackFideId "14112906"]
[WhiteElo "2607"]
[BlackElo "2889"]
[WhiteTeam "BRA"]
[BlackTeam "UKR"]
[WhiteClock "0:00:00"]
[BlackClock "0:01:24"]

1. d4 Nf6 2. Nf3 e6 3. e3 b6 4. Bd3 Bb7 5. O-O d5 6. c4 Be7 7. cxd5 exd5 8. Nc3 Nbd7 9. b3 O-O 10. Bb2 Re8 11. Rc1 a6 12. Ne2 Bf8 13. Ng3 g6 14. Qe2 Ne4 15. Rc2 Bg7 16. Rfc1 c6 17. Rd1 Re6 18. Bxe4 dxe4 19. Ne5 Nf6 20. Rdc1 Qe8 21. f3 exf3 22. Qxf3 Nd5 23. e4 Nb4 24. Rf2 c5 25. Qxf7+ Qxf7 26. Rxf7 Bxe5 27. Rxb7 cxd4 28. Rd1 Nxa2 29. Ne2 Nc3 30. Bxc3 dxc3 31. Rdd7 Rc8 32. Kf2 c2 33. Nc1 Rd6 34. Rxh7 Rd1 0-1

[Event "January 9 Late 2024"]
[Site "https://www.chess.com"]
[Date "2024.01.09"]
[Round "4"]
[White "Santos Latasa, Jaime"]
[Black "Hamblok, Roel"]
[Result "1-0"]
[Board "47"]
[TimeControl "180+1"]
[WhiteFideId "2293307"]
[BlackFideId "209317"]
[WhiteElo "2889"]
[BlackElo "2600"]
[WhiteTeam "ESP"]
[BlackTeam "BEL"]
[WhiteClock "0:01:07"]
[BlackClock "0:00:02"]

1. Nf3 d5 2. b3 Bg4 3. g3 Bxf3 4. exf3 e5 5. Qe2 Nd7 6. Qb5 Nf6 7. Qxb7 Bd6 8. Qa6 O-O 9. Bg2 e4 10. fxe4 dxe4 11. Nc3 Re8 12. Bb2 Nc5 13. Qc4 Ng4 14. O-O Ne5 15. Qe2 f5 16. Nb5 Qf6 17. Nxd6 cxd6 18. Kh1 f4 19. Bxe4 f3 20. Bd5+ Kh8 21. Qe3 Qf5 22. Bxa8 Rxa8 23. Bxe5 Qh3 24. Qxf3 1-0

[Event "January 9 Late 2024"]
[Site "https://www.chess.com"]
[Date "2024.01.09"]
[Round "4"]
[White "Roberson, Peter T"]
[Black "Tang, Andrew"]
[Result "0-1"]
[Board "48"]
[TimeControl "180+1"]
[WhiteFideId "412384"]
[BlackFideId "2059630"]
[WhiteElo "2596"]
[BlackElo "2887"]
[WhiteTeam "ENG"]
[BlackTeam "USA"]
[WhiteClock "0:00:00"]
[BlackClock "0:00:04"]

1. b3 d5 2. Bb2 c5 3. e3 Nc6 4. Bb5 Qb6 5. a4 Nf6 6. f4 a6 7. Bxc6+ Qxc6 8. Nf3 g6 9. O-O Bg7 10. d3 O-O 11. Nbd2 b5 12. Ne5 Qb7 13. axb5 axb5 14. Qf3 Ne8 15. Rxa8 Qxa8 16. Ra1 Qb7 17. b4 c4 18. Qe2 Nd6 19. Bd4 Re8 20. Ra7 Qb8 21. Nc6 Bxd4 22. Nxb8 Bxa7 23. Nc6 Bb6 24. d4 Bb7 25. Ne5 Ra8 26. Qg4 Bc8 27. Qf3 Ra1+ 28. Kf2 Be6 29. g4 c3 30. Nb3 Ne4+ 31. Kg2 Ra2 32. f5 Rxc2+ 33. Kg1 Ng5 34. Qd1 Rb2 35. fxe6 f6 36. Qc1 Rxb3 37. Nd7 Bc7 38. Nc5 Rb2 39. Qxc3 Nf3+ 40. Kf1 Rxh2 41. Nd7 Nd2+ 42. Ke1 Bg3+ 43. Kd1 Nc4 44. Qb3 Rh1+ 45. Ke2 Rh2+ 46. Kf3 Bd6 47. Qc3 Nd2+ 0-1

[Event "January 9 Late 2024"]
[Site "https://www.chess.com"]
[Date "2024.01.09"]
[Round "4"]
[White "Pakleza, Zbigniew"]
[Black "Kochiev, Ivan"]
[Result "1/2-1/2"]
[Board "49"]
[TimeControl "180+1"]
[WhiteFideId "1119290"]
[BlackFideId "2917890"]
[WhiteElo "2873"]
[BlackElo "2596"]
[WhiteTeam "POL"]
[BlackTeam "BUL"]
[WhiteClock "0:00:04"]
[BlackClock "0:00:10"]

1. d4 Nf6 2. Nf3 e6 3. Bf4 c5 4. c3 d5 5. e3 Bd6 6. Bg3 Qc7 7. Nbd2 Nbd7 8. Be2 O-O 9. c4 Bxg3 10. hxg3 e5 11. dxe5 Nxe5 12. cxd5 Nxd5 13. Qc2 Nf6 14. Qc3 Nxf3+ 15. Bxf3 Be6 16. O-O Rac8 17. e4 Rfd8 18. Rfe1 Rd4 19. Nb3 Bxb3 20. Qxb3 Nd7 21. e5 Nxe5 22. Qxb7 Nxf3+ 23. Qxf3 g6 24. Rac1 Rd2 25. Qf6 Qb6 26. Qxb6 axb6 27. Rb1 Rcd8 28. a3 Rc2 29. Rec1 Re2 30. Re1 Rxe1+ 31. Rxe1 Rd2 32. Rb1 c4 33. a4 Kf8 34. Rc1 Rxb2 35. Rxc4 Kg7 36. g4 b5 37. axb5 Rxb5 38. g3 1/2-1/2

[Event "January 9 Late 2024"]
[Site "https://www.chess.com"]
[Date "2024.01.09"]
[Round "4"]
[White "Siniauski, Artsiom"]
[Black "Bernadskiy, Vitaliy"]
[Result "0-1"]
[Board "50"]
[TimeControl "180+1"]
[WhiteFideId "13512269"]
[BlackFideId "14100371"]
[WhiteElo "2595"]
[BlackElo "2868"]
[WhiteTeam "FID"]
[BlackTeam "UKR"]
[WhiteClock "0:00:02"]
[BlackClock "0:01:50"]

1. e4 a6 2. d4 c6 3. Nc3 d5 4. Nf3 Bg4 5. h3 Bh5 6. Be2 e6 7. O-O Nf6 8. e5 Nfd7 9. Be3 Be7 10. Nh2 Bg6 11. f4 c5 12. Nf3 Nc6 13. g4 O-O 14. Qe1 Nb4 15. Qf2 Nxc2 16. dxc5 Nxe3 17. Qxe3 Bxc5 18. Nd4 Nb8 19. Bf3 Nc6 20. Nce2 Qb6 21. Rad1 Rac8 22. Kh1 Nxd4 23. Nxd4 Qxb2 24. Rf2 Bxd4 25. Rxd4 Qc1+ 26. Qxc1 Rxc1+ 27. Kg2 Rfc8 28. Rb4 b5 29. a4 R1c4 30. Rxc4 bxc4 31. f5 exf5 32. Bxd5 c3 0-1

[Event "January 9 Late 2024"]
[Site "https://www.chess.com"]
[Date "2024.01.09"]
[Round "4"]
[White "Avila Bautista, Roberto Al"]
[Black "Durarbayli, Vasif"]
[Result "0-1"]
[Board "51"]
[TimeControl "180+1"]
[WhiteFideId "5119987"]
[BlackFideId "13402935"]
[WhiteElo "2588"]
[BlackElo "2861"]
[WhiteTeam "MEX"]
[BlackTeam "AZE"]
[WhiteClock "0:00:02"]
[BlackClock "0:00:11"]

1. Nf3 b6 2. g3 Bb7 3. Bg2 e6 4. O-O Nf6 5. b3 Be7 6. Bb2 O-O 7. c4 c5 8. e3 d5 9. Qe2 Nc6 10. Rd1 d4 11. exd4 cxd4 12. d3 Re8 13. Ne5 Rc8 14. Na3 Bxa3 15. Bxa3 Nd7 16. f4 Qc7 17. Re1 Ncxe5 18. fxe5 Bxg2 19. Kxg2 Nc5 20. Bxc5 bxc5 21. Qf3 a5 22. h4 Ra8 23. h5 h6 24. Qe4 a4 25. Rf1 Reb8 26. bxa4 Rxa4 27. Rf2 Qa7 28. Qf3 Ra3 29. Raf1 Rxa2 30. Rxa2 Qxa2+ 31. Rf2 Qa7 32. g4 Qe7 33. Kg3 Rf8 34. Qf4 Qb7 35. g5 hxg5 36. Qxg5 Qh1 37. Kf4 Qc1+ 38. Kg4 Qg1+ 39. Kf4 Qxf2+ 0-1

[Event "January 9 Late 2024"]
[Site "https://www.chess.com"]
[Date "2024.01.09"]
[Round "4"]
[White "Rogov, Matfey"]
[Black "Chan, Yi Ren Daniel"]
[Result "0-1"]
[Board "52"]
[TimeControl "180+1"]
[WhiteFideId "44191308"]
[BlackFideId "5801583"]
[WhiteElo "2580"]
[BlackElo "2855"]
[WhiteTeam "RUS"]
[BlackTeam "SGP"]
[WhiteClock "0:00:05"]
[BlackClock "0:01:17"]

1. e4 c6 2. d4 d5 3. f3 dxe4 4. fxe4 e5 5. Nf3 Bg4 6. Bc4 Nd7 7. c3 Bd6 8. Qb3 Qe7 9. Qxb7 Rb8 10. Qxc6 Bxf3 11. gxf3 Nf6 12. Bb3 O-O 13. Bg5 Rfc8 14. Qa4 exd4 15. cxd4 h6 16. Bxf6 Qxf6 17. Qxd7 Rc1+ 18. Bd1 Qxf3 19. Qxd6 Rxd1# 0-1

[Event "January 9 Late 2024"]
[Site "https://www.chess.com"]
[Date "2024.01.09"]
[Round "4"]
[White "Maksimovic, Bojan"]
[Black "Espinoza Villanueva, Rodrigo"]
[Result "0-1"]
[Board "53"]
[TimeControl "180+1"]
[WhiteFideId "14408120"]
[BlackFideId "5140188"]
[WhiteElo "2850"]
[BlackElo "2579"]
[WhiteTeam "BIH"]
[BlackTeam "MEX"]
[WhiteClock "0:00:42"]
[BlackClock "0:00:55"]

1. a3 a6 2. h3 h6 3. Nc3 Nc6 4. Na2 e5 5. e3 d5 6. d4 Nf6 7. Nf3 Bd6 8. c4 e4 9. Nd2 dxc4 10. Bxc4 O-O 11. O-O Re8 12. b4 Bf5 13. Rb1 Ne7 14. b5 Ng6 15. bxa6 bxa6 16. Re1 Qd7 17. Bf1 h5 18. Nc3 h4 19. Qa4 c6 20. Nc4 Bc7 21. Bd2 Nh7 22. Nb6 Qd6 23. Bc4 Bxh3 24. gxh3 Qh2+ 25. Kf1 Qxh3+ 26. Ke2 Qf3+ 27. Kf1 h3 28. Qd1 h2 29. Ne2 Qh1+ 30. Ng1 hxg1=Q+ 31. Ke2 Qf3# 0-1

[Event "January 9 Late 2024"]
[Site "https://www.chess.com"]
[Date "2024.01.09"]
[Round "4"]
[White "Brunner, Nicolas"]
[Black "Klukin, Kirill"]
[Result "0-1"]
[Board "54"]
[TimeControl "180+1"]
[WhiteFideId "620246"]
[BlackFideId "24199273"]
[WhiteElo "2579"]
[BlackElo "2847"]
[WhiteTeam "FRA"]
[BlackTeam "RUS"]
[WhiteClock "0:00:00"]
[BlackClock "0:00:10"]

1. Nf3 g6 2. e4 Bg7 3. d4 e6 4. c4 Ne7 5. Nc3 d6 6. Bd3 Nd7 7. O-O b6 8. Be3 Bb7 9. Qd2 h6 10. b4 g5 11. a4 a5 12. b5 Ng6 13. Rfd1 O-O 14. Rac1 f5 15. exf5 exf5 16. d5 Nge5 17. Nxe5 dxe5 18. f3 Qe7 19. Re1 Nc5 20. Bc2 Rae8 21. Rcd1 Qd6 22. Kh1 Bc8 23. Ne2 e4 24. fxe4 Nxe4 25. Bxe4 Rxe4 26. Nd4 Rfe8 27. Bf2 Bd7 28. Rxe4 Rxe4 29. Re1 Qe7 30. Nc6 Qe8 31. h3 f4 32. Kg1 Bf5 33. Rxe4 Qxe4 34. Qe1 Bf8 35. Qxe4 Bxe4 36. Bd4 Bc2 37. Be5 Bd6 38. Bxd6 cxd6 39. c5 dxc5 40. d6 Bf5 41. Ne7+ Kf7 42. Nxf5 Ke6 43. Nxh6 c4 44. Kf2 Kxd6 45. Nf7+ Kc5 46. Nxg5 Kb4 47. h4 c3 48. Ke2 Kb3 49. Nf3 Kxa4 50. h5 Kb3 51. h6 a4 52. h7 a3 53. h8=Q a2 54. Qa8 Kb2 55. Nd4 a1=Q 56. Qxa1+ Kxa1 57. Kd3 Kb2 58. Nc2 Kb3 59. Ne1 Kb2 60. Ke4 Kc1 61. Kxf4 Kd2 0-1

[Event "January 9 Late 2024"]
[Site "https://www.chess.com"]
[Date "2024.01.09"]
[Round "4"]
[White "Banerjee, Supratit"]
[Black "Schroeder, Jan-Christian"]
[Result "1/2-1/2"]
[Board "55"]
[TimeControl "180+1"]
[WhiteFideId "2410079"]
[BlackFideId "24662259"]
[WhiteElo "2579"]
[BlackElo "2842"]
[WhiteTeam "SCO"]
[BlackTeam "GER"]
[WhiteClock "0:00:40"]
[BlackClock "0:00:21"]

1. e4 c5 2. c3 Nf6 3. e5 Nd5 4. d4 d6 5. Nf3 cxd4 6. cxd4 Nc6 7. Bc4 dxe5 8. dxe5 Ndb4 9. Qxd8+ Nxd8 10. Na3 g6 11. Bd2 Ndc6 12. O-O a6 13. Rac1 Bg7 14. Rfe1 Bf5 15. Ng5 O-O 16. h3 h6 17. Nf3 Rfd8 18. Bc3 Rac8 19. e6 f6 20. g4 Bd3 21. Bb3 Nd5 22. Bd2 b5 23. Nc2 f5 24. Bxd5 Rxd5 25. Nb4 Rd6 26. Bf4 Bxb2 27. Bxd6 Bxc1 28. Rxc1 Bc4 29. Nxc6 Rxc6 30. Bxe7 Rxe6 31. Bb4 fxg4 32. hxg4 Re2 33. a3 Bd5 34. Rc8+ Kf7 35. Rc7+ Ke8 36. Nd4 Re4 37. Nc2 Rxg4+ 38. Kf1 Rc4 39. Rxc4 Bxc4+ 40. Kg2 Kf7 41. Kg3 g5 42. Nd4 Kg6 43. f4 gxf4+ 44. Kxf4 Bd5 45. Nf5 Bf7 46. Ne7+ Kf6 47. Nc8 Ke6 48. Nd6 Bg6 49. Nb7 Kd5 50. Nc5 a5 51. Bxa5 Kxc5 52. Bb4+ Kc4 53. Bf8 h5 54. Kg5 Be8 55. Bb4 Kb3 56. Kh4 Kc2 57. Bf8 Kd3 58. Be7 Ke4 59. Bb4 Kf3 60. Bf8 Kf4 61. Bb4 Kf5 62. Bf8 Ke6 63. Bb4 Kd5 64. Bf8 Kc4 65. Bb4 Kb3 66. Be7 Ka4 67. Bb4 Kb3 68. Kg3 Ka4 69. Kf4 Kb3 70. Ke3 h4 71. Kf4 h3 72. Kg3 Bd7 73. Kh2 Ka4 74. Bd6 Kb3 75. Bb4 Ka4 76. Be7 Kb3 77. Bb4 1/2-1/2

[Event "January 9 Late 2024"]
[Site "https://www.chess.com"]
[Date "2024.01.09"]
[Round "4"]
[White "Pham, Le Thao Nguyen"]
[Black "Beerdsen, Thomas"]
[Result "0-1"]
[Board "56"]
[TimeControl "180+1"]
[WhiteFideId "12401226"]
[BlackFideId "1030108"]
[WhiteElo "2577"]
[BlackElo "2841"]
[WhiteTeam "VIE"]
[BlackTeam "NED"]
[WhiteClock "0:00:49"]
[BlackClock "0:02:35"]

1. d4 Nf6 2. Nf3 Nc6 3. Bf4 d6 4. h3 Bf5 5. c3 Qd7 6. Nbd2 O-O-O 7. e3 h6 8. Qa4 g5 9. Bh2 Kb8 10. Bb5 a6 11. Bxc6 Qxc6 12. Qxc6 bxc6 13. Ke2 Rg8 14. g4 Bc8 15. Rhg1 h5 16. gxh5 Bh6 17. h4 g4 18. Ne1 Nxh5 19. Nd3 f5 20. Bf4 Nxf4+ 21. Nxf4 Bxf4 22. exf4 Rh8 23. Rh1 Rh6 24. Rh2 a5 25. c4 e5 26. Ke3 Re6 27. h5 exf4+ 28. Kxf4 Re2 29. Rd1 Rg8 30. Nf1 Re4+ 31. Kg3 f4+ 32. Kg2 g3 33. Rh4 f3+ 34. Kxf3 Rxh4 35. Nxg3 Bg4+ 0-1

[Event "January 9 Late 2024"]
[Site "https://www.chess.com"]
[Date "2024.01.09"]
[Round "4"]
[White "Pichot, Alan"]
[Black "Tulchynskyi, Feliks"]
[Result "1-0"]
[Board "57"]
[TimeControl "180+1"]
[WhiteFideId "110973"]
[BlackFideId "34127895"]
[WhiteElo "2841"]
[BlackElo "2574"]
[WhiteTeam "ESP"]
[BlackTeam "UKR"]
[WhiteClock "0:00:06"]
[BlackClock "0:00:09"]

1. d4 Nf6 2. Nf3 e6 3. Bf4 d5 4. e3 Bd6 5. Ne5 Nfd7 6. Qg4 Nxe5 7. dxe5 Bb4+ 8. c3 Bf8 9. Nd2 h5 10. Qg3 Nc6 11. h4 Ne7 12. Bd3 Nf5 13. Bxf5 exf5 14. e6 Bxe6 15. Bxc7 Qd7 16. Nf3 Rc8 17. Bf4 f6 18. Nd4 Kf7 19. O-O Bc5 20. Rad1 Rhe8 21. Qf3 Bxd4 22. Qxh5+ Kg8 23. Rxd4 Rc4 24. Rfd1 Rec8 25. Qg6 Rxd4 26. Rxd4 Rc4 27. Qg3 Rxd4 28. exd4 Bf7 29. b3 Bh5 30. Qd3 a6 31. f3 Be8 32. Kf2 Qe6 33. c4 Bc6 34. c5 Bb5 35. Qd2 Kf7 36. a4 Bc6 37. Qc2 g6 38. Qd3 Qe8 39. Qd2 Qh8 40. Bg3 Qe8 41. Qf4 Qd7 42. Qh6 Qe8 43. Qh7+ Ke6 44. Qc7 Qe7 45. Qc8+ Qd7 46. Qf8 Qe7 47. Qg8+ Qf7 48. Qb8 Qd7 49. Bf4 Kf7 50. Kg3 Kg7 51. Bd6 Qe8 52. Qc7+ Qd7 53. Qa5 Qe6 54. Qd2 Kh7 55. Kh2 Kg7 56. Qf2 Kf7 57. Bf4 Kg7 58. Qg3 Kf7 59. Bd2 Qe2 60. Qc7+ Qe7 61. Qc8 Qe8 62. Qc7+ Qe7 63. Qb8 Qe8 64. Qf4 Qe2 65. Qh6 Qe8 66. h5 gxh5 67. Qxh5+ Ke6 68. Qh7 Qf7 69. Qh8 Qe8 70. Qh4 Qf7 71. Bf4 Qg7 72. Kg1 Kf7 73. Kf2 Kg6 74. Ke2 Qe7+ 75. Kd2 Qh7 76. Qg3+ Kf7 77. Qh3 Qxh3 78. gxh3 Kg6 79. Kc3 Kh5 80. Bg3 f4 81. Bxf4 Kh4 82. Kb4 Kxh3 83. Bd6 Kg2 84. f4 Kf3 85. Be7 Kxf4 86. Bxf6 Kf5 87. Be5 Ke6 88. Ka5 Kd7 89. b4 Kc8 90. b5 axb5 91. axb5 Be8 92. Kb6 Bg6 93. Ka7 Be8 94. c6 Bxc6 95. bxc6 bxc6 96. Kb6 Kd7 97. Kc5 Ke6 98. Kxc6 Kf5 99. Kxd5 1-0

[Event "January 9 Late 2024"]
[Site "https://www.chess.com"]
[Date "2024.01.09"]
[Round "4"]
[White "Zubritskiy, Artyom"]
[Black "Ambartsumova, Karina"]
[Result "1-0"]
[Board "58"]
[TimeControl "180+1"]
[WhiteFideId "4181247"]
[BlackFideId "4166299"]
[WhiteElo "2840"]
[BlackElo "2574"]
[WhiteTeam "FID"]
[BlackTeam "RUS"]
[WhiteClock "0:00:04"]
[BlackClock "0:00:00"]

1. e4 e5 2. Nc3 Nf6 3. f4 d5 4. fxe5 Nxe4 5. Qf3 Nxc3 6. dxc3 Be7 7. Bd3 O-O 8. Bf4 c5 9. O-O-O Nc6 10. h4 Be6 11. Nh3 Qd7 12. Ng5 h6 13. Nxe6 Qxe6 14. Qg3 Rad8 15. Kb1 c4 16. Be2 b5 17. Bg4 Qg6 18. h5 Qh7 19. Bf3 b4 20. Bxd5 Na5 21. cxb4 Bxb4 22. Rhf1 Be7 23. Bc1 Rb8 24. Rxf7 Rxf7 25. Bxf7+ Kh8 26. e6 Nc6 27. Qg6 c3 28. Qxh7+ Kxh7 29. Bg6+ Kg8 30. b3 Bf6 31. Bf7+ Kf8 32. Bf4 Rd8 33. Rxd8+ Bxd8 34. Kc1 Ke7 35. Kd1 Kf6 36. Ke2 Be7 37. Kd3 Nb4+ 38. Kxc3 Nxa2+ 39. Kd2 Nb4 40. Be3 a6 41. Bd4+ Kf5 42. Bxg7 Bg5+ 43. Kd1 Nc6 44. c3 Ne7 45. Kc2 Kg4 46. Bf8 Kg3 47. c4 Kxg2 48. c5 Nd5 49. c6 Bd8 50. Bd6 Kf3 51. e7 1-0

[Event "January 9 Late 2024"]
[Site "https://www.chess.com"]
[Date "2024.01.10"]
[Round "4"]
[White "Bryakin, Mikhail"]
[Black "Olsson, William"]
[Result "1-0"]
[Board "59"]
[TimeControl "180+1"]
[WhiteFideId "4165314"]
[BlackFideId "1741721"]
[WhiteElo "2833"]
[BlackElo "2571"]
[WhiteTeam "SRB"]
[BlackTeam "SWE"]
[WhiteClock "0:01:17"]
[BlackClock "0:00:00"]

1. e4 c5 2. d4 cxd4 3. Qxd4 Nc6 4. Qd3 g6 5. Nc3 Bg7 6. Nf3 Nf6 7. Be2 O-O 8. O-O d6 9. Nd5 Bg4 10. c3 Bxf3 11. Qxf3 Qd7 12. Nxf6+ Bxf6 13. Bh6 Bg7 14. Bxg7 Kxg7 15. Bb5 a6 16. Bxc6 Qxc6 17. h4 f5 18. Rfe1 e5 19. Rad1 fxe4 20. Qxe4 Qxe4 21. Rxe4 Rf6 22. Rc4 Raf8 23. f3 R8f7 24. Kf2 Rd7 25. Ke3 Kf7 26. Rc8 Ke6 27. Re8+ Re7 28. Rd8 Rd7 29. Re8+ Re7 30. Rb8 Rf4 31. g3 Rc4 32. Rd3 Rc6 33. b3 Rcc7 34. c4 Rf7 35. Ke4 Ke7 36. Rd5 Ke6 37. Re8+ Rfe7 38. Rd8 Red7 39. Re8+ Re7 40. Rb8 Rf7 41. a3 Rf6 42. Re8+ Kd7 43. Rexe5 Rc8 44. Ke3 b5 45. Re4 bxc4 46. Rxc4 Re8+ 47. Re4 Rc8 48. Rc4 Re8+ 49. Kf2 Rfe6 50. g4 Re2+ 51. Kg3 R2e3 52. Rcd4 R8e6 53. Rd3 Re1 54. Ra5 h6 55. g5 hxg5 56. hxg5 Rg1+ 57. Kf4 Re8 58. Rxa6 Re6 59. Ra7+ Kd8 60. Rf7 Ra1 61. b4 Rc1 62. Rf6 Rc4+ 63. Kg3 Re5 64. Rfxd6+ Kc7 65. Rxg6 Re1 66. b5 Rg1+ 67. Kf2 Rb1 68. b6+ Kb7 69. Rd7+ Ka6 70. Ra7+ 1-0